Map: Romanticide LE

Players

NoQuidProQuo

  • Race: Zerg Zerg

NoQuidProQuo

  • Race: Zerg Zerg

ViBE - Winner!

  • Race: Terran Terran
  • League: Diamond

VOD

Have the link to the VOD?

Description

Time

  • Played on: April 13, 2021, 11:11 p.m.
  • Length: 12:10
Show
View Real Time Build Order
Export as new Build Order

NoQuidProQuo Zerg 

Build Orders: Hatch First, Lurkers 

Get SALT Encoding   

  12  0:01  Drone  
  13  0:09  Drone  
  14  0:19  Extractor  
  14  0:20  Drone  
  15  0:40  Hatchery  
  15  0:42  Extractor  
  13  0:43  Drone  
  15  1:03  Spawning Pool  
  14  1:05  Drone, Extractor  
  14  1:11  Overlord  
  14  1:18  Drone, Extractor  
  15  1:30  Drone  
  15  1:31  Drone  
  17  1:49  Queen  
  17  1:53  Queen  
  21  1:56  Zergling x2  
  23  2:08  Drone x2  
  23  2:09  Drone  
  23  2:15  Metabolic Boost  
  25  2:21  Overlord  
  25  2:23  Drone  
  25  2:25  Drone  
  27  2:41  Drone x4  
  31  2:47  Overlord  
  31  2:53  Drone  
  32  3:00  Overlord  
  32  3:06  Drone  
  32  3:07  Drone  
  32  3:08  Drone x3  
  37  3:16  Drone  
  39  3:20  Drone  
  38  3:34  Hatchery  
  37  3:42  Drone x5  
  37  3:46  Overlord, Extractor  
  37  3:47  Queen  
  43  3:50  Extractor  
  43  3:51  Lair  
  43  3:54  Overlord  
  42  3:56  Drone x2  
  42  3:57  Drone  
  45  4:06  Baneling Nest  
  45  4:07  Drone  
  45  4:09  Drone  
  47  4:10  Drone  
  48  4:17  Drone  
  48  4:21  Extractor  
  48  4:22  Drone x3  
  48  4:24  Drone x3  
  53  4:36  Overlord  
  53  4:54  Overlord  
  53  4:59  Spire  
  52  5:05  Hydralisk Den, Centrifical Hooks  
  51  5:07  Drone  
  51  5:08  Drone  
  51  5:11  Drone x8  
  61  5:17  Overlord  
  61  5:18  Overlord  
  61  5:24  Drone x2  
  61  5:26  Extractor  
  62  5:29  Extractor  
  62  5:31  Hatchery, Overlord  
  62  5:34  Queen  
  62  5:35  Overlord  
  62  5:40  Lurker Den  
  62  5:41  Overlord  
  61  5:43  Infestation Pit  
  61  5:44  Drone  
  61  5:45  Drone  
  61  5:46  Drone  
  61  5:48  Drone  
  61  5:49  Drone  
  65  5:50  Drone  
  65  5:55  Overlord  
  66  6:01  Drone x2  
  66  6:02  Overlord  
  68  6:06  Pneumatized Carapace  
  68  6:07  Overlord  
  68  6:15  Corruptor x2  
  68  6:16  Corruptor  
  73  6:22  Hydralisk  
  73  6:23  Hydralisk  
  71  6:25  Hydralisk  
  67  6:38  Hydralisk  
  67  6:39  Hydralisk x4  
  66  6:59  Overlord  
  66  7:01  Drone x7  
  63  7:12  Lurker x3  
  66  7:23  Hive  
  66  7:27  Drone  
  66  7:28  Drone  
  68  7:30  Drone  
  68  7:33  Drone  
  68  7:35  Drone  
  71  7:44  Drone x3  
  71  7:45  Drone  
  75  7:51  Drone x2  
  75  7:55  Overseer  
  73  8:16  Drone x10  
  82  8:28  Muscular Augments  
  82  8:31  Drone  
  82  8:32  Drone x2  
  82  8:33  Drone x3  
  88  8:39  Queen  
  90  8:43  Adaptive Talons  
  90  8:46  Greater Spire  
  90  8:51  Adrenal Glands  
  90  9:12  Hatchery  
  90  9:14  Lurker x2  
  90  9:15  Lurker x3  
  94  9:24  Evolution Chamber  
  94  9:25  Drone, Evolution Chamber, Corruptor  
  94  9:26  Corruptor  
  94  9:27  Evolution Chamber  
  94  9:29  Overlord  
  96  9:40  Seismic Spines  
  96  9:43  Overlord  
  90  10:31  Ultralisk Cavern  
  90  10:32  Overlord  
  89  10:36  Hydralisk  
  89  10:37  Hydralisk x6  
  89  10:38  Hydralisk x2  
  89  10:39  Overlord  
  107  10:52  Hatchery  
  107  10:53  Burrow  
  107  10:54  Hatchery  
  105  10:58  Overlord  
  105  11:00  Hatchery  
  104  11:10  Zergling x30  
  104  11:11  Zergling x2  
  120  11:35  Overlord  
Show
View Real Time Build Order
Export as new Build Order

NoQuidProQuo Zerg 

Build Orders: Hatch First, Lurkers 

Get SALT Encoding   

  12  0:01  Drone  
  13  0:09  Drone  
  14  0:19  Extractor  
  14  0:20  Drone  
  15  0:40  Hatchery  
  15  0:42  Extractor  
  13  0:43  Drone  
  15  1:03  Spawning Pool  
  14  1:05  Drone, Extractor  
  14  1:11  Overlord  
  14  1:18  Drone, Extractor  
  15  1:30  Drone  
  15  1:31  Drone  
  17  1:49  Queen  
  17  1:53  Queen  
  21  1:56  Zergling x2  
  23  2:08  Drone x2  
  23  2:09  Drone  
  23  2:15  Metabolic Boost  
  25  2:21  Overlord  
  25  2:23  Drone  
  25  2:25  Drone  
  27  2:41  Drone x4  
  31  2:47  Overlord  
  31  2:53  Drone  
  32  3:00  Overlord  
  32  3:06  Drone  
  32  3:07  Drone  
  32  3:08  Drone x3  
  37  3:16  Drone  
  39  3:20  Drone  
  38  3:34  Hatchery  
  37  3:42  Drone x5  
  37  3:46  Overlord, Extractor  
  37  3:47  Queen  
  43  3:50  Extractor  
  43  3:51  Lair  
  43  3:54  Overlord  
  42  3:56  Drone x2  
  42  3:57  Drone  
  45  4:06  Baneling Nest  
  45  4:07  Drone  
  45  4:09  Drone  
  47  4:10  Drone  
  48  4:17  Drone  
  48  4:21  Extractor  
  48  4:22  Drone x3  
  48  4:24  Drone x3  
  53  4:36  Overlord  
  53  4:54  Overlord  
  53  4:59  Spire  
  52  5:05  Hydralisk Den, Centrifical Hooks  
  51  5:07  Drone  
  51  5:08  Drone  
  51  5:11  Drone x8  
  61  5:17  Overlord  
  61  5:18  Overlord  
  61  5:24  Drone x2  
  61  5:26  Extractor  
  62  5:29  Extractor  
  62  5:31  Hatchery, Overlord  
  62  5:34  Queen  
  62  5:35  Overlord  
  62  5:40  Lurker Den  
  62  5:41  Overlord  
  61  5:43  Infestation Pit  
  61  5:44  Drone  
  61  5:45  Drone  
  61  5:46  Drone  
  61  5:48  Drone  
  61  5:49  Drone  
  65  5:50  Drone  
  65  5:55  Overlord  
  66  6:01  Drone x2  
  66  6:02  Overlord  
  68  6:06  Pneumatized Carapace  
  68  6:07  Overlord  
  68  6:15  Corruptor x2  
  68  6:16  Corruptor  
  73  6:22  Hydralisk  
  73  6:23  Hydralisk  
  71  6:25  Hydralisk  
  67  6:38  Hydralisk  
  67  6:39  Hydralisk x4  
  66  6:59  Overlord  
  66  7:01  Drone x7  
  63  7:12  Lurker x3  
  66  7:23  Hive  
  66  7:27  Drone  
  66  7:28  Drone  
  68  7:30  Drone  
  68  7:33  Drone  
  68  7:35  Drone  
  71  7:44  Drone x3  
  71  7:45  Drone  
  75  7:51  Drone x2  
  75  7:55  Overseer  
  73  8:16  Drone x10  
  82  8:28  Muscular Augments  
  82  8:31  Drone  
  82  8:32  Drone x2  
  82  8:33  Drone x3  
  88  8:39  Queen  
  90  8:43  Adaptive Talons  
  90  8:46  Greater Spire  
  90  8:51  Adrenal Glands  
  90  9:12  Hatchery  
  90  9:14  Lurker x2  
  90  9:15  Lurker x3  
  94  9:24  Evolution Chamber  
  94  9:25  Drone, Evolution Chamber, Corruptor  
  94  9:26  Corruptor  
  94  9:27  Evolution Chamber  
  94  9:29  Overlord  
  96  9:40  Seismic Spines  
  96  9:43  Overlord  
  90  10:31  Ultralisk Cavern  
  90  10:32  Overlord  
  89  10:36  Hydralisk  
  89  10:37  Hydralisk x6  
  89  10:38  Hydralisk x2  
  89  10:39  Overlord  
  107  10:52  Hatchery  
  107  10:53  Burrow  
  107  10:54  Hatchery  
  105  10:58  Overlord  
  105  11:00  Hatchery  
  104  11:10  Zergling x30  
  104  11:11  Zergling x2  
  120  11:35  Overlord  
Show
View Real Time Build Order
Export as new Build Order

ViBE Terran - Winner!

Build Orders: Reaper Expand 

Get SALT Encoding   

  12  0:00  SCV  
  13  0:12  SCV  
  14  0:17  Supply Depot  
  14  0:24  SCV  
  15  0:38  SCV  
  15  0:41  Barracks  
  16  0:49  Refinery  
  16  0:52  SCV  
  17  1:04  SCV  
  18  1:18  SCV  
  19  1:30  Orbital Command  
  19  1:33  Reaper  
  19  1:38  Command Center  
  20  1:52  Supply Depot  
  20  1:56  SCV  
  21  2:05  Marine  
  22  2:09  SCV  
  23  2:17  Factory  
  23  2:20  Refinery  
  23  2:21  SCV  
  24  2:27  Barracks Reactor  
  24  2:33  SCV  
  25  2:45  SCV  
  26  2:54  Orbital Command  
  26  2:56  Supply Depot  
  26  2:57  SCV  
  27  3:02  Starport  
  27  3:09  SCV  
  28  3:14  Hellion x2  
  28  3:16  Barracks Tech Lab  
  32  3:20  SCV  
  32  3:21  SCV  
  34  3:32  SCV  
  34  3:34  SCV  
  36  3:43  Hellion x2  
  36  3:44  SCV  
  36  3:45  Fusion Core  
  36  3:46  SCV  
  41  3:50  Supply Depot  
  41  3:56  SCV  
  41  3:58  SCV  
  43  4:08  SCV  
  44  4:10  SCV  
  44  4:13  Supply Depot  
  45  4:20  SCV  
  45  4:22  SCV  
  47  4:32  SCV  
  47  4:34  SCV  
  47  4:35  Supply Depot  
  47  4:37  Battlecruiser  
  55  4:44  SCV  
  56  4:46  SCV  
  56  4:50  Refinery  
  56  4:51  Refinery  
  57  4:53  Command Center  
  57  4:56  SCV  
  57  4:57  Hellion x2  
  57  4:58  SCV, Supply Depot  
  63  5:09  SCV  
  63  5:10  SCV  
  63  5:13  Barracks Tech Lab  
  65  5:21  SCV  
  66  5:22  SCV  
  66  5:25  Hellion x2  
  71  5:32  Supply Depot  
  71  5:33  SCV, Supply Depot x3  
  71  5:35  SCV, Supply Depot  
  73  5:36  Engineering Bay  
  73  5:37  Engineering Bay  
  73  5:42  Stimpack  
  73  5:45  SCV  
  73  5:47  SCV  
  75  5:53  Marine  
  75  5:54  Siege Tank  
  79  5:59  SCV x2  
  81  6:04  Barracks  
  81  6:05  Barracks  
  81  6:06  Orbital Command  
  81  6:08  Barracks  
  81  6:13  SCV  
  81  6:14  SCV  
  81  6:25  SCV  
  81  6:26  SCV, Medivac x2  
  81  6:28  Siege Tank  
  88  6:47  Marine  
  88  6:49  Terran Infantry Weapons Level 1, Terran Infantry Armor Level 1  
  88  6:51  SCV x3  
  90  7:05  Marine, Barracks Reactor x3  
  90  7:08  SCV x2  
  88  7:11  Orbital Command  
  87  7:23  Marine  
  87  7:27  Combat Shield, Command Center  
  87  7:29  Medivac x2  
  92  7:30  Siege Tank  
  95  7:38  Barracks x2  
  95  7:39  Barracks x2  
  95  7:40  SCV  
  95  7:41  SCV x2  
  98  7:44  Marine x4  
  98  7:45  Marine x2  
  98  7:46  Marine  
  105  8:02  Marine x6  
  111  8:14  Marine  
  111  8:15  Siege Tank  
  111  8:16  Medivac x2  
  119  8:20  Marine x4  
  117  8:27  Armory  
  117  8:31  Supply Depot x2  
  117  8:32  Barracks Tech Lab x2  
  117  8:33  Supply Depot  
  117  8:34  Barracks Reactor, Barracks Tech Lab  
  117  8:38  Marine x3  
  117  8:39  Marine x2  
  117  8:40  Marauder  
  124  8:46  Concussive Shells, SCV x3  
  124  8:47  SCV  
  128  8:50  Refinery  
  128  8:51  Refinery  
  128  8:53  Supply Depot x2  
  128  8:55  Supply Depot  
  128  8:58  Marine x6, Marauder x3  
  128  9:00  Medivac x2, Siege Tank  
  128  9:02  Marauder  
  149  9:11  SCV x2  
  149  9:15  Command Center  
  149  9:16  Marine x7  
  158  9:25  Marine, Marauder x4  
  158  9:31  Terran Infantry Weapons Level 2  
  167  9:33  Marine  
  167  9:34  Marine x6  
  167  9:35  Planetary Fortress  
  167  9:37  Terran Infantry Armor Level 2  
  174  9:43  Marine  
  175  9:46  Marauder  
  175  9:47  SCV x2, Marauder x3  
  175  9:51  Marine  
  175  9:52  Marine x2  
  188  10:08  Marauder x3  
  188  10:12  Marine  
  188  10:13  Marine x7, Marauder  
  191  10:26  Medivac, Siege Tank  
  191  10:27  Medivac  
  191  10:28  SCV x2  
  200  10:52  Command Center  
Tags
 
Add a new tag
Caveats
  • Supply blocks, unpowered buildings, or Contaminate may cause inaccurate times.
  • Supply counts are checked every 10 seconds.